 Dungeon Crawl Stone Soup version 0.30-a0-883-g5ad918d77d (webtiles) character file.

Game seed: 9030112120948583093

177 Pimp the Stinger (level 5, -3/37 HPs)
             Began as a Merfolk Venom Mage on Mar 17, 2023.
             Slain by a mummy (11 damage)
             ... in an ossuary.
             The game lasted 00:15:00 (2522 turns).

Pimp the Stinger (Merfolk Venom Mage)               Turns: 2522, Time: 00:15:02

Health: -3/37      AC:  9    Str:  8 (9)  XL:     5   Next: 57%
Magic:  9/9        EV: 11    Int: 13 (16) God:
Gold:   147        SH:  0    Dex: 17 (20) Spells: 3/9 levels left

rFire   . . .      SeeInvis .    u - +1 short sword (venom)
rCold   . . .      Faith    .    (no shield)
rNeg    + + +      Spirit   .    r - +4 ring mail of the Unbroken {-Tele Rampage rN+++ rCorr}
rPois   .          Reflect  .    (no helmet)
rElec   .          Rampage  +    (no cloak)
rCorr   +          NoTele   +    (no gloves)
Will    .....                    (no boots)
Stlth   ++                       m - amulet of magic regeneration
HPRegen 0.26/turn                k - +6 ring of dexterity
MPRegen 0.51/turn                q - +4 ring of slaying

@: no status effects
A: (nimble swimmer 2), mertail
a: no special abilities


You were in an ossuary.
You visited 1 branch of the dungeon, and saw 4 of its levels.
You also visited: Ossuary.

You collected 147 gold pieces.

Inventory:

Hand Weapons
 b - a +0 dagger
 e - a +0 dagger of venom
 u - a +1 short sword of venom (weapon)
Missiles
 o - 5 poisoned darts
 w - 4 javelins (quivered)
Armour
 a - a +1 robe
 r - the +4 ring mail of the Unbroken (worn) {-Tele Rampage rN+++ rCorr}
   (You acquired it on level 4 of the Dungeon)

   rN:        It renders you almost immune to negative energy.
   -Tele:     It prevents most forms of teleportation.
   rCorr:     It protects you from acid and corrosion.
   Rampage:   It bestows one free step when moving towards enemies.
Magical Staves
 h - a staff of cold
Jewellery
 f - a ring of positive energy
 k - a +6 ring of dexterity (left hand)
 m - an amulet of magic regeneration (around neck)
 q - a +4 ring of slaying (right hand)
Scrolls
 c - 2 scrolls of fog
 g - a scroll of teleportation
Potions
 i - a potion of curing {unknown}
 j - 4 potions of lignification
 l - a potion of haste {unknown}
 n - a potion of heal wounds {unknown}
 p - a potion of brilliance {unknown}
 x - a potion of berserk rage {unknown}


   Skills:
 + Level 1.1 Fighting
 + Level 0.0 Short Blades
 + Level 0.0 Armour
 + Level 3.9 Dodging
 + Level 3.3 Stealth
 + Level 2.7 Spellcasting
 + Level 0.4 Conjurations
 + Level 2.9 Transmutations
 + Level 0.9 Ice Magic
 + Level 4.0 Poison Magic


You had 3 spell levels left.
You knew the following spells:

 Your Spells              Type           Power      Damage    Failure   Level
a - Sting                 Tmut/Pois      40%        1d5       17%         1
b - Poisonous Vapours     Pois/Air       12%        N/A       43%         2
c - Mephitic Cloud        Conj/Pois/Air  5%         N/A       75%         3

Your spell library contained the following spells:

 Spells                   Type           Power      Damage    Failure   Level
 Olgreb's Toxic Radiance  Pois           12%        N/A       80%         4


Dungeon Overview and Level Annotations

Branches:
Dungeon (4/15)            Ossuary (1/1)
 Temple: D:4-7

Altars:
Ru

Shops:
D:2 *


Innate Abilities, Weirdness & Mutations

((You are very nimble when in or above water. (Stealth+, EV+, Speed+++)))
Your lower body shifts to a powerful aquatic tail in water.


Message History

The orc zombie completely misses you.
You hit the gnoll zombie.
The gnoll zombie is moderately damaged.
You hit the mummy.
The mummy is lightly damaged.
The kobold zombie hits you but does no damage.
The orc zombie hits you. The gnoll zombie closely misses you.
You hit the gnoll zombie.
The gnoll zombie is heavily damaged.
The kobold zombie hits you but does no damage.
The orc zombie barely misses you. The gnoll zombie closely misses you.
You hit the gnoll zombie.
The gnoll zombie is severely damaged.
The mummy hits you but does no damage. The orc zombie misses you.
You hit the mummy.
The mummy is moderately damaged.
The mummy hits you! The orc zombie completely misses you.
You puncture the mummy!
The mummy is severely damaged.
You hit the mummy.
The mummy is almost destroyed.
The gnoll zombie closely misses you. The orc zombie closely misses you.
The mummy hits you. The mummy closely misses you. x2
You hit the mummy but do no damage.
The mummy is almost destroyed.
The orc zombie barely misses you.
The gnoll zombie hits you but does no damage.
You hit the mummy.
You destroy the mummy!
The mummy hits you but does no damage. The mummy hits you!
* * * LOW HITPOINT WARNING * * *
The gnoll zombie hits you.
* * * LOW HITPOINT WARNING * * *
It was a potion of degeneration.
There was something very wrong with that liquid.
You feel weakened.
You feel dopey.
You feel clumsy. The mummy hits you but does no damage.
The gnoll zombie barely misses you.
The hobgoblin zombie closely misses you.
The mummy hits you!
You die...

..............
.............
...........
........#
......# #ZZ..#


#MMMZ# #.@Z.# #..Z.# #....# #....# #....# #....# #.∩∩.# ###### You could see 3
mummies, a hobgoblin zombie, a gnoll zombie, a kobold zombie and 2 orc zombies.

Vanquished Creatures
  An orc priest (D:3)
  2 mummies
  4 adders
  A worm (D:2)
  4 dart slugs
  4 orcs (D:3)
  4 endoplasms
  4 giant cockroaches
  2 gnoll zombies (Ossuary)
  A hobgoblin (D:2)
  4 jackals
  8 quokkas
  5 ball pythons
  3 bats
  8 frilled lizards
  3 goblins
  A hobgoblin zombie (Ossuary)
  12 kobolds
  3 rats
74 creatures vanquished.

Vanquished Creatures (others)
  7 plants (D:1)
7 creatures vanquished.

Grand Total: 81 creatures vanquished

Notes
Turn   | Place    | Note
-------+----------+-------------------------------------------
     0 | D:1      | Pimp the Merfolk Venom Mage began the quest for the Orb.
     0 | D:1      | Reached XP level 1. HP: 13/13 MP: 3/3
   150 | D:1      | Reached XP level 2. HP: 4/19 MP: 0/5
   471 | D:1      | Reached XP level 3. HP: 24/24 MP: 0/6
   474 | D:1      | Learned a level 2 spell: Poisonous Vapours
   478 | D:1      | Learned a level 3 spell: Mephitic Cloud
  1027 | D:2      | Reached XP level 4. HP: 30/30 MP: 3/7
  1099 | D:2      | Found Qapiv's General Store.
  1493 | D:2      | Found a sacrificial altar of Ru.
  1847 | D:3      | Reached XP level 5. HP: 33/36 MP: 3/8
  2286 | D:3      | Reached skill level 1 in Fighting
  2471 | D:4      | Found a sand-covered staircase.
  2476 | D:4      | Reached skill level 4 in Poison Magic
  2484 | D:4      | Identified a scroll of acquirement
  2484 | D:4      | Acquired the +4 ring mail of the Unbroken {-Tele Rampage
                  | rN+++ rCorr}
  2497 | Ossuary  | Entered an ossuary
  2522 | Ossuary  | Slain by a mummy

Illustrated notes

Levels and vault maps discovered:
D:1:      psy_arrival_terrarium, layout_rooms, lexackson_kobold_supper
D:2:      layout_basic, basic_altar, serial_shops, nicolae_square_shop
D:3:      layout_loops_ring
D:4:      layout_loops_ring, mainiacjoe_overflow_alcove_4,
          mainiacjoe_overflow_concentric_impassable, gup_ossuary_entry_pyramid,
          minmay_crystal_water, kennysheep_decorative_pillar, uniq_duvessa
Ossuary:  ossuary_tomb_3

Skill      XL: |  1  2  3  4  5 |
---------------+----------------+-----
Dodging        | 3 |  3.9
Transmutations | 2 |  2.9
Stealth        | 3 |  3.3
Fighting       | 1 |  1.1
Poison Magic   | 4 |  4.0
Spellcasting   | |  2.7
Conjurations   | |  0.4
Ice Magic      | |  0.9

Action                     |  1- 3 |  4- 6 || total
---------------------------+-------+-------++-------
  Melee: Unarmed           |     9 |       ||     9
         Dagger            |    44 |    39 ||    83
         Punch             |       |     1 ||     1
         Short sword       |       |    28 ||    28
  Throw: Dart              |       |     8 ||     8
         Javelin           |       |     3 ||     3
   Cast: Sting             |    37 |    18 ||    55
         Poisonous Vapours |       |     9 ||     9
         Mephitic Cloud    |       |     1 ||     1
    Use: Scroll            |     1 |    10 ||    11
         Potion            |     1 |     1 ||     2
   Stab: Sleeping          |     2 |     6 ||     8
 Armour: Robe              |    11 |     9 ||    20
         Ring mail         |       |    13 ||    13
  Dodge: Dodged            |    50 |    65 ||   115

Table legend: (Time is in decaauts)
 A = Elapsed time spent in this place.
 B = Non-inter-level travel time spent in this place.
 C = Inter-level travel time spent in this place.
 D = Time resting spent in this place.
 E = Time spent auto-exploring this place.
 F = Levels seen in this place.
 G = Mean time per level.
                   A        B        C        D        E       F      G
               +--------+--------+--------+--------+--------+-----+--------+
         Total |   2521 |   2468 |     53 |    398 |   1299 |   5 |  504.2 |
       Dungeon |   2496 |   2443 |     53 |    398 |   1298 |   4 |  624.0 |
       Ossuary |     24 |     24 |      0 |      0 |      1 |   1 |   24.0 |
               +--------+--------+--------+--------+--------+-----+--------+

Top non-repeatable levels by time:
     D:1: 874 daAuts
     D:3: 810 daAuts
     D:2: 772 daAuts
     D:4: 40 daAuts
 Ossuary: 24 daAuts
